 Dungeon Crawl Stone Soup version 0.25.1-3-ge44b62a0b3 (webtiles) character file.

Game seed: 12209833657016252135

26610 Erymatos the Warrior (level 12, -11/122 HPs)
             Began as a Minotaur Berserker on Nov 20, 2020.
             Was a High Priest of Trog.
             Mangled by a frost giant
             ... wielding a +1 battleaxe of freezing
              (20 damage)
             ... on level 13 of the Dungeon.
             The game lasted 00:24:10 (11743 turns).

Erymatos the Warrior (Minotaur Berserker)          Turns: 11743, Time: 00:24:11

Health: -11/122    AC: 10    Str: 30    XL:     12   Next: 99%
Magic:  11/11      EV: 22    Int:  4    God:    Trog [*****.]
Gold:   767        SH:  0    Dex: 13    Spells: 11/11 levels left

rFire    . . .     SeeInvis .   K - +2 battleaxe (flame)
rCold    + . .     Gourm    .   (shield currently unavailable)
rNeg     . . .     Faith    .   i - +1 ring mail {rC+}
rPois    .         Spirit   .   (helmet restricted)
rElec    .         Reflect  .   u - +0 cloak
rCorr    .         Harm     .   (no gloves)
MR       .....                  (no boots)
Stlth    +.........             (no amulet)
HPRegen  0.30/turn              s - +4 ring of evasion
MPRegen  0.12/turn              f - +6 ring of strength

@: berserk cooldown, starving, slowed, very slow
A: retaliatory headbutt, horns 2
a: Berserk, Trog's Hand, Brothers in Arms, Renounce Religion


You were on level 13 of the Dungeon.
You worshipped Trog.
Trog was extremely pleased with you.
You were starving.

You visited 1 branch of the dungeon, and saw 13 of its levels.

You collected 1053 gold pieces.
You spent 286 gold pieces at shops.

Inventory:

Hand Weapons
 b - a +0 war axe
 h - a +4 battleaxe
 y - a +5 vorpal dire flail
 G - a +0 broad axe
 K - a +2 battleaxe of flaming (weapon)
Armour
 i - a +1 ring mail of cold resistance (worn)
 u - a +0 cloak (worn)
 w - a +2 buckler
Jewellery
 f - a +6 ring of strength (right hand)
 s - a +4 ring of evasion (left hand)
 A - an uncursed ring of see invisible
Wands
 j - a wand of disintegration (15)
 q - a wand of flame (20)
 t - a wand of digging (5)
 E - a wand of clouds (5)
Scrolls
 a - 2 scrolls of silence {unknown}
 e - 8 scrolls of enchant armour
 n - 2 scrolls of enchant weapon {unknown}
 o - 2 scrolls of blinking {unknown}
 p - 3 scrolls of identify
 r - 2 scrolls of fog
 v - 2 scrolls of remove curse
 z - 5 scrolls of fear
 B - 4 scrolls of teleportation
 D - a scroll of magic mapping {unknown}
 H - a scroll of random uselessness {unknown}
 J - a scroll of brand weapon {unknown}
 M - 2 scrolls of immolation {unknown}
Potions
 d - 2 potions of heal wounds
 g - 5 potions of resistance
 k - 4 potions of haste
 l - 10 potions of curing
 m - 3 potions of might
 x - 2 potions of stabbing
 C - a potion of lignification
 F - a potion of magic {unknown}
 I - a potion of invisibility {unknown}
 N - a potion of flight {unknown}
Comestibles
 c - 17 rations
 L - 9 chunks of flesh


   Skills:
 + Level 16.1 Fighting
 + Level 10.3 Axes
 + Level 13.3 Armour
 + Level 11.2 Dodging


You had 11 spell levels left.
You didn't know any spells.
Your spell library was empty.

Dungeon Overview and Level Annotations

Branches:
Dungeon (13/15)            Temple (0/1) D:5            Lair (0/6) D:9
    Orc (0/2) D:10
 Vaults: D:13-14

Altars:
Ashenzari
Cheibriados
Dithmenos
Elyvilon
Fedhas
Gozag
Hepliaklqana
Makhleb
Qazlal
Ru
Trog
Uskayaw
Vehumet
Xom
Yredelemnul

Shops:
D:5 (   D:6 ?=!(!

Annotations:
D:4 2 transporters, kikerikii's ghost, amateur HaFi


Innate Abilities, Weirdness & Mutations

You reflexively headbutt those who attack you in melee.
You have a pair of horns on your head.


Message History

You feel a strong urge to attack something.
Items here: (( ))) [ †† Your deep troll barely misses the frost giant.
Your deep troll claws the frost giant. x2
The frost giant hits your deep troll with a +1 battleaxe of freezing!
The frost giant freezes your deep troll!
Items here: ( ) †† a +0 shortbow; 12 arrows; a hydra corpse; a centaur corpse You feel your anger nearly subside.
You are no longer berserk.
You are exhausted.
You feel yourself slow down.
Your deep troll bites the frost giant!
Your deep troll claws the frost giant but does no damage. x2
Unknown command.
You hit the frost giant but do no damage.
The frost giant is lightly wounded.
Your deep troll bites the frost giant!!
Your deep troll claws the frost giant.
Your deep troll claws the frost giant!
Your deep troll bites the frost giant!
Your deep troll claws the frost giant!!
Your deep troll claws the frost giant!
The frost giant hits you with a +1 battleaxe of freezing!!
You die...

. #. ###
#..##.. $.$....
....... #######
.......##.....#
.......†))....#
##+##..##))...#
.##+###T@...#
........C...#
............#
###.###.##..# #
###.##..#
#.......#
#.......#
...#...##..#
............#


You could see a frost giant and a friendly deep troll (summoned, berserk).

Vanquished Creatures
  2 hydras (D:12)
  4 two-headed ogres
  A centaur warrior (D:13)
  3 skeletal warriors (D:12)
  An unseen horror (D:8)
  2 ugly things
  A deep elf mage (D:12)
  A manticore (D:13)
  A gargoyle (D:11)
  4 centaur skeletons
  7 trolls
  A meliai (D:8)
  2 hornets
  8 hippogriffs
  2 wraiths
  2 wyverns
  9 yaks
  Sigmund (D:2)
  A shadow (D:11)
  A vampire (D:12)
  A human (D:12)
  A hungry ghost (D:13)
  2 vampire mosquitoes (D:12)
  Edmund (D:4)
  Duvessa (D:4)
  3 water moccasins
  2 acid dragons (D:9)
  A floating eye (shapeshifter) (D:13)
  6 orc warriors
  4 phantoms
  5 sky beasts
  3 ice beasts
  A black bear (D:6)
  2 necrophages
  6 ogres
  6 centaurs
  A crocodile (D:12)
  5 bullfrogs
  A big kobold (D:11)
  Dowan (D:4)
  6 scorpions
  12 killer bees
  8 wights (D:12)
  8 howler monkeys
  9 crimson imps
  A bullfrog zombie (D:6)
  A centaur zombie (D:6)
  2 jellies
  5 hounds
  6 orc priests
  9 orc wizards
  Crazy Yiuf (D:2)
  3 bullfrog skeletons
  An iguana (D:10)
  13 worker ants
  2 hound zombies (D:7)
  2 hound skeletons
  A howler monkey zombie (D:6)
  A worker ant zombie (D:11)
  24 adders
  7 shadow imps
  2 oozes
  An adder zombie (D:7)
  An adder skeleton (D:6)
  4 worms
  3 dart slugs
  5 leopard geckos
  39 orcs
  4 giant cockroaches
  3 goblins
  9 hobgoblins
  10 jackals
  2 quokkas (D:3)
  8 bats
  3 frilled lizards
  A giant cockroach zombie (D:5)
  A jackal skeleton (D:9)
  19 kobolds
  4 quokka skeletons
  A quokka zombie (D:5)
  9 rats
358 creatures vanquished.

Vanquished Creatures (collateral kills)
  A vampire knight (D:13)
  An ettin (D:13)
  A yaktaur captain (D:13)
  A hydra (D:13)
  An ugly thing (D:12)
  A gargoyle (D:12)
  6 yaks (D:12)
  A vampire mosquito (D:12)
  An ice beast (D:6)
  A sky beast (D:6)
  A big kobold (D:12)
  A bullfrog (D:13)
  8 wights
  A bullfrog zombie (D:12)
  An adder (D:6)
  A shadow imp (D:12)
  4 kobolds (D:12)
32 creatures vanquished.

Vanquished Creatures (others)
  A plant (D:3)
1 creature vanquished.

Grand Total: 391 creatures vanquished

Notes
Turn   | Place    | Note
-------+----------+-------------------------------------------
     0 | D:1      | Erymatos the Minotaur Berserker began the quest for the
                  | Orb.
     0 | D:1      | Reached XP level 1. HP: 19/19 MP: 0/0
   265 | D:1      | Reached XP level 2. HP: 24/27 MP: 1/1
   634 | D:2      | Reached skill level 4 in Fighting
   712 | D:2      | Reached XP level 3. HP: 22/33 MP: 2/2
  1011 | D:2      | Reached ** piety under Trog
  1082 | D:2      | Found a shattered altar of Ashenzari.
  1086 | D:2      | Found a radiant altar of Vehumet.
  1162 | D:2      | Found an opulent altar of Gozag.
  1162 | D:2      | Found a stormy altar of Qazlal.
  1163 | D:2      | Found a shadowy altar of Dithmenos.
  1214 | D:2      | Noticed Sigmund
  1225 | D:2      | Killed Sigmund
  1225 | D:2      | Reached skill level 5 in Fighting
  1225 | D:2      | Reached skill level 5 in Axes
  1225 | D:2      | Reached XP level 4. HP: 17/42 MP: 3/3
  1225 | D:2      | Reached XP level 5. HP: 19/48 MP: 4/4
  1480 | D:2      | Found a hazy altar of Hepliaklqana.
  1482 | D:2      | Found a sacrificial altar of Ru.
  1483 | D:2      | Found a bloodstained altar of Trog.
  1486 | D:2      | Found a burning altar of Makhleb.
  1536 | D:2      | Found a blossoming altar of Fedhas.
  1762 | D:2      | Reached XP level 6. HP: 56/56 MP: 5/5
  1770 | D:2      | Found a runed translucent door.
  1771 | D:2      | Noticed Crazy Yiuf
  1899 | D:2      | Killed Crazy Yiuf
  2536 | D:3      | Reached *** piety under Trog
  3126 | D:4      | Found a transporter.
  3126 | D:4      | Noticed kikerikii's ghost (amateur HaFi)
  3129 | D:4      | Found a transporter.
  3138 | D:4      | Noticed a hungry ghost
  3178 | D:4      | Found a shimmering altar of Xom.
  3179 | D:4      | Found a shimmering altar of Xom.
  3180 | D:4      | Found a shimmering altar of Xom.
  3180 | D:4      | Found a shimmering altar of Xom.
  3181 | D:4      | Found a shimmering altar of Xom.
  3204 | D:4      | Noticed Dowan
  3204 | D:4      | Noticed Edmund
  3204 | D:4      | Noticed Duvessa
  3211 | D:4      | Killed Duvessa
  3211 | D:4      | Reached XP level 7. HP: 62/62 MP: 6/6
  3212 | D:4      | Reached skill level 5 in Armour
  3218 | D:4      | Killed Edmund
  3218 | D:4      | Reached skill level 6 in Fighting
  3220 | D:4      | Killed Dowan
  3629 | D:4      | Found a hide-covered altar of Uskayaw.
  3630 | D:4      | Found a snail-covered altar of Cheibriados.
  3685 | D:5      | Entered Level 5 of the Dungeon
  3710 | D:5      | Found Iwousae's Antique Weapon Emporium.
  3824 | D:5      | Noticed a hippogriff
  3832 | D:5      | Killed a hippogriff
  3832 | D:5      | Reached XP level 8. HP: 71/71 MP: 7/7
  3836 | D:5      | Reached skill level 7 in Fighting
  4081 | D:5      | Found a staircase to the Ecumenical Temple.
  4289 | D:6      | Found Cienos's Distillery.
  4305 | D:6      | Bought a potion of curing for 30 gold pieces
  4305 | D:6      | Bought a potion of heal wounds for 50 gold pieces
  4321 | D:6      | Reached **** piety under Trog
  4541 | D:6      | Found Histreuc's Distillery.
  4544 | D:6      | Reached skill level 5 in Dodging
  4571 | D:6      | Reached skill level 8 in Fighting
  4571 | D:6      | Reached XP level 9. HP: 18/81 MP: 8/8
  4843 | D:6      | Bought a potion of stabbing for 52 gold pieces
  4843 | D:6      | Bought a potion of haste for 130 gold pieces
  4874 | D:6      | Found Acsyojotse's Jewellery Emporium.
  4884 | D:6      | Found Erer's Weapon Shoppe.
  5140 | D:6      | Found Unur's Magic Scroll Emporium.
  5148 | D:6      | Bought a scroll of identify for 24 gold pieces
  5797 | D:7      | Reached skill level 9 in Fighting
  6027 | D:7      | Found a white marble altar of Elyvilon.
  6535 | D:8      | Noticed a two-headed ogre
  6546 | D:8      | Killed a two-headed ogre
  6546 | D:8      | Reached skill level 10 in Fighting
  6546 | D:8      | Reached XP level 10. HP: 87/93 MP: 9/9
  6688 | D:8      | Found a transporter.
  6692 | D:8      | Found a transporter.
  6861 | D:8      | Found a basalt altar of Yredelemnul.
  6888 | D:8      | Reached skill level 10 in Armour
  6888 | D:8      | Reached ***** piety under Trog
  6918 | D:8      | Noticed an unseen horror
  6921 | D:8      | Killed an unseen horror
  7363 | D:8      | Reached skill level 11 in Fighting
  7673 | D:8      | You fall into a shaft and drop 1 floor!
  8271 | D:9      | Found a staircase to the Lair.
  8277 | D:9      | Reached XP level 11. HP: 104/104 MP: 10/10
  8355 | D:10     | Entered Level 10 of the Dungeon
  8447 | D:10     | Reached skill level 12 in Fighting
  8501 | D:10     | Found a staircase to the Orcish Mines.
  8917 | D:10     | Noticed a two-headed ogre
  8931 | D:10     | Killed a two-headed ogre
  9374 | D:11     | Reached skill level 13 in Fighting
  9632 | D:11     | Noticed a two-headed ogre
  9640 | D:11     | Killed a two-headed ogre
  9741 | D:11     | Noticed a two-headed ogre
  9751 | D:11     | Killed a two-headed ogre
  9793 | D:11     | Noticed a white ugly thing
  9802 | D:11     | Killed a white ugly thing
  9802 | D:11     | Reached skill level 14 in Fighting
  9802 | D:11     | Reached skill level 10 in Dodging
  9986 | D:11     | Reached XP level 12. HP: 117/117 MP: 11/11
 10190 | D:11     | Received a gift from Trog
 10265 | D:12     | Noticed a six-headed hydra
 10270 | D:12     | Killed a six-headed hydra
 10728 | D:12     | Reached skill level 15 in Fighting
 11035 | D:12     | Noticed a five-headed hydra
 11043 | D:12     | Killed a five-headed hydra
 11629 | D:13     | Noticed a centaur warrior
 11633 | D:13     | Killed a centaur warrior
 11719 | D:13     | Received a gift from Trog
 11719 | D:13     | Reached skill level 16 in Fighting
 11720 | D:13     | Noticed a five-headed hydra
 11722 | D:13     | Noticed an ettin
 11725 | D:13     | Noticed a yaktaur captain
 11729 | D:13     | Noticed a vampire knight
 11730 | D:13     | Killed a four-headed hydra
 11730 | D:13     | Reached skill level 10 in Axes
 11731 | D:13     | Killed a yaktaur captain
 11732 | D:13     | Killed an ettin
 11736 | D:13     | Noticed a frost giant
 11738 | D:13     | Killed a vampire knight
 11743 | D:13     | Mangled by a frost giant

Illustrated notes

Levels and vault maps discovered:
D:1:      lemuel_arrival_lava_pool, layout_basic, minmay_pentomino_p2
D:2:      layout_loops_ring, grunt_temple_overflow_cloverleaf,
          gammafunk_temple_overflow_claw, lemuel_doored_altar, minitemple,
          uniq_sigmund, uniq_crazy_yiuf_cottage
D:3:      minmay_bubble_buster, layout_rooms, first_ration, serial_bayou_pond_e,
          grunt_decor_cap, lexackson_kobold_supper
D:4:      layout_loops_ring, gammafunk_temple_overflow_pools,
          gammafunk_ghost_mausoleum, xom_redecorated, uniq_duvessa, uniq_edmund
D:5:      layout_basic, temple_statues, serial_shops, shop,
          kennysheep_generic_room_11
D:6:      layout_basic, serial_shops, nicolae_shop_waterfront, shop, shop,
          nicolae_shop_behind_doors, nicolae_shop_crystal
D:7:      layout_basic, overflow_temple_1_default
D:8:      minmay_goldmine, layout_gridville, gammafunk_temple_overflow_arena,
          uniq_maurice
D:9:      layout_rooms, lair_entry_dummy
D:10:     layout_long_grid, orc_0_dummy
D:11:     layout_basic
D:12:     layout_rooms, gauntlet_entry_generic, grunt_pizzeria
D:13:     lemuel_bear_cage, layout_gridville, grunt_vaults_entry_tiered,
          basic_altar, minmay_radiant

Skill      XL: |  1  2  3  4  5  6  7  8  9 10 11 12 |
---------------+-------------------------------------+-----
Axes           | 4 5 6 8 9 10 | 10.3
Fighting       | 4 5 6 8 10 11 14 16 | 16.1
Armour         | 3 4 5 7 9 11 12 13 | 13.3
Dodging        | 3 4 5 6 8 10 11 | 11.2

Action                   |  1- 3 |  4- 6 |  7- 9 | 10-12 || total
-------------------------+-------+-------+-------+-------++-------
Melee: Hand axe          |    54 |   101 |     8 |       ||   163
       Headbutt          |    10 |    30 |    36 |   102 ||   178
       Dire flail        |       |       |   189 |   398 ||   587
       Battleaxe         |       |       |       |    36 ||    36
Invok: Berserk           |     1 |     1 |     4 |     8 ||    14
       Trog's Hand       |       |     1 |       |     1 ||     2
       Brothers in Arms  |       |       |     2 |     3 ||     5
  Use: Scroll            |       |     2 |       |    11 ||    13
  Eat: Chunk             |     1 |     7 |    15 |    21 ||    44
       Ration            |       |       |       |     2 ||     2
Armor: Animal skin       |     1 |       |       |       ||     1
       Ring mail         |    19 |    38 |    61 |   126 ||   244
Dodge: Dodged            |    28 |    60 |   184 |   427 ||   699
